 Dungeon Crawl Stone Soup version 0.27-a0-1101-ge311f74bc8 (webtiles) character file.

Game seed: 13652155661351595125

12726 rjrrt the Cleaver (level 11, -3/84 HPs)
             Began as a Demonspawn Berserker on Apr 28, 2021.
             Was a High Priest of Trog.
             Slain by an orc warrior
             ... wielding a +0 battleaxe
              (12 damage)
             ... on level 2 of the Orcish Mines.
             The game lasted 00:21:29 (11422 turns).

rjrrt the Cleaver (Demonspawn Berserker)           Turns: 11422, Time: 00:21:30

Health: -3/84      AC: 27    Str: 21    XL:     11   Next: 66%
Magic:  11/11      EV:  4    Int: 12    God:    Trog [*****.]
Gold:   824        SH:  0    Dex: 13    Spells: 10/10 levels left

rFire    . . .     SeeInvis .   a - +3 hand axe (flame)
rCold    . . .     Faith    .   (no shield)
rNeg     . . .     Spirit   .   E - +0 crystal plate armour
rPois    +         Reflect  .   (helmet unavailable)
rElec    +         Harm     .   (no cloak)
rCorr    .         Rampage  .   q - +1 pair of gloves
Will     ++...                  p - +0 pair of boots
Stlth    ..........             A - amulet of magic regeneration
HPRegen  1.24/turn              i - ring "Boalapp" {rElec rPois Int+4 Stlth+}
MPRegen  0.37/turn              x - +4 ring of protection

@: strong-willed, on berserk cooldown, regenerating, slowed, very slow
A: horns 3, icy blue scales 1, demonic guardian 1, spiny 1
a: Renounce Religion, Berserk, Trog's Hand, Brothers in Arms


You were on level 2 of the Orcish Mines.
You worshipped Trog.
Trog was extremely pleased with you.
You visited 2 branches of the dungeon, and saw 12 of its levels.

You collected 866 gold pieces.
You spent 42 gold pieces at shops.

Inventory:

Hand Weapons
 a - a +3 hand axe of flaming (weapon)
 b - the +6 arbalest "Rocanuth" {vorpal, rElec Str+2}
   (You found it on level 7 of the Dungeon)

   Any bolt fired from it inflicts extra damage.
   It affects your strength (+2).
   It insulates you from electricity.
 c - a +2 vampiric trident
Missiles
 d - 4 throwing nets
 j - a curare-tipped dart
 l - 8 poisoned darts (quivered)
 B - 37 bolts
Armour
 n - a +1 ring mail of cold resistance
 p - a +0 pair of boots (worn)
 q - a +1 pair of gloves (worn)
 E - a +0 crystal plate armour (worn)
Jewellery
 i - the ring "Boalapp" (left hand) {rElec rPois Int+4 Stlth+}
   (You acquired it on level 2 of the Dungeon)

   [ring of poison resistance]

   It affects your intelligence (+4).
   It insulates you from electricity.
   It protects you from poison.
   It makes you more stealthy.
 x - a +4 ring of protection (right hand)
 A - an amulet of magic regeneration (around neck)
Wands
 m - a wand of digging (6)
 s - a wand of flame (20)
 y - a wand of iceblast (24)
 D - a wand of acid (5)
 H - a wand of charming (6)
Scrolls
 e - 4 scrolls of teleportation
 f - 2 scrolls of immolation
 r - a scroll of magic mapping
 v - a scroll of blinking
 w - 2 scrolls of brand weapon
 I - 6 scrolls of identify
Potions
 g - 5 potions of curing
 h - 2 potions of attraction
 k - a potion of cancellation
 o - 3 potions of haste
 t - 2 potions of invisibility
 u - a potion of heal wounds
 z - a potion of ambrosia
 F - a potion of magic
 G - a potion of might


   Skills:
 + Level 7.5 Fighting
 + Level 12.3 Axes
 + Level 5.9 Crossbows
 + Level 6.5 Armour
 - Level 3.5 Dodging
 - Level 5.0 Evocations


You had 10 spell levels left.
You didn't know any spells.
Your spell library was empty.

Dungeon Overview and Level Annotations

Branches:
Dungeon (10/15)            Temple (0/1) D:4             Orc (2/2) D:10
   Lair: D:8-11         Elf: Orc:2

Altars:
Cheibriados
Dithmenos
Trog
Vehumet
Xom
Zin

Shops:
D:4 ?(


Innate Abilities, Weirdness & Mutations

You have a pair of large horns on your head.
You are partially covered in icy blue scales. (AC +2)
A weak demonic guardian rushes to your aid.
You are partially covered in sharp spines.


Message History

Unknown command.
Unknown command.
Your skin crawls.
You feel strong-willed.
Your iron troll barely misses the orc warrior.
Your iron troll claws the orc warrior.
Your iron troll claws the orc warrior!
The orc warrior hits you but does no damage.
The orc warrior hits your iron troll with a +0 battleaxe.
A centaur comes into view.
Your iron troll bites the orc warrior!
Your iron troll claws the orc warrior!!
The orc warrior dies!
Trog accepts your kill.
Unknown command.
The orc warrior hits you but does no damage.
The centaur wields a +2 shortbow of freezing.
It is covered in frost.
The centaur shoots an arrow.
The arrow hits you.
* * * LOW HITPOINT WARNING * * *
The arrow freezes you.
* * * LOW HITPOINT WARNING * * *
Items here: ( )) †.
Unknown command.
You slash the orc warrior! You burn the orc warrior.
You headbutt the orc warrior!
You kill the orc warrior!
Trog accepts your kill.
You hear a shout!
The centaur shoots an arrow.
The arrow hits you.
* * * LOW HITPOINT WARNING * * *
The arrow freezes you.
* * * LOW HITPOINT WARNING * * *
Unknown command.
The centaur shoots an arrow.
The arrow hits your iron troll but does no damage.
The centaur shoots an arrow.
The arrow hits you.
* * * LOW HITPOINT WARNING * * *
The arrow freezes you.
* * * LOW HITPOINT WARNING * * *
The orc warrior is struck by your spines.
The orc warrior hits you with a +0 battleaxe!
You die...

........ ..#.## ##.........
.......####...# ## #.........
........#.##..####.## ##........
......<...[....##.... . ##......<
.......[...........# .# #........
.........c......#..##.####.#.....
..............4.#......#.##....#.
.......c....[....................
...#......#.##T)@.#..............
............###o#..#.............
.............###))...............
...........o..c..)...............
...........#.<...................
.........oo....#.#...............
..........o...###....#...........
......#........#.................
...........##.###.#.......#......


You could see an orc warrior, a centaur (ally target), a friendly iron troll
(summoned, berserk) and a friendly ice devil (summoned).

Vanquished Creatures
  A centaur warrior (Orc:2)
  3 two-headed ogres
  Urug (D:10)
  A cyclops (D:10)
  An orc sorcerer (Orc:2)
  An unseen horror (D:10)
  A troll (Orc:1)
  A hornet (D:9)
  3 wyverns
  The ghost of scottley the Ruffian, an amateur TrMo (D:3)
  6 yaks (D:9)
  A wraith (D:10)
  A steam dragon (D:7)
  2 wargs (Orc:1)
  An acid dragon (D:8)
  2 water moccasins
  12 orc warriors
  An ice beast (D:5)
  2 necrophages (D:4)
  3 ogres
  8 centaurs
  A kobold brigand (D:8)
  3 bullfrogs
  A gnoll sergeant (D:9)
  3 scorpions
  3 killer bees (D:10)
  6 wights
  3 howler monkeys
  2 centaur zombies
  3 hounds
  3 centaur skeletons
  3 jellies
  8 orc priests
  2 gnoll shamans
  3 iguanas (D:5)
  A bullfrog skeleton (D:6)
  Terence (D:3)
  10 orc wizards
  19 gnolls
  3 adders
  3 howler monkey skeletons
  A shadow imp (D:5)
  3 white imps (D:5)
  An ufetubus (D:4)
  An adder skeleton (D:5)
  3 worms
  3 dart slugs
  60 orcs
  6 ball pythons
  4 bats
  5 endoplasms
  2 giant cockroaches (D:1)
  6 goblins
  14 hobgoblins
  A quokka (D:1)
  5 frilled lizards
  14 kobolds
  A rat (D:3)
264 creatures vanquished.

Vanquished Creatures (collateral kills)
  Snorg (Orc:1)
  5 orc warriors
  An ogre (D:5)
  2 centaurs (Orc:2)
  A scorpion (D:4)
  An orc (Orc:1)
11 creatures vanquished.

Grand Total: 275 creatures vanquished

Notes
Turn   | Place    | Note
-------+----------+-------------------------------------------
     0 | D:1      | rjrrt the Demonspawn Berserker began the quest for the Orb.
     0 | D:1      | Reached XP level 1. HP: 18/18 MP: 1/1
    38 | D:1      | Found a faded altar of an unknown god.
    46 | D:1      | Reached skill level 3 in Axes
   142 | D:1      | Gained mutation: You have a pair of small horns on your
                  | head. [demonic ancestry]
   142 | D:1      | Reached XP level 2. HP: 24/24 MP: 2/2
   818 | D:1      | Gained mutation: You are partially covered in icy blue
                  | scales. (AC +2) [demonic ancestry]
   818 | D:1      | Reached XP level 3. HP: 29/29 MP: 3/3
  1057 | D:1      | Reached skill level 4 in Axes
  1577 | D:2      | Identified a scroll of acquirement
  1577 | D:2      | Acquired the ring "Boalapp" {rElec rPois Int+4 Stlth+}
  1601 | D:2      | Reached ** piety under Trog
  2244 | D:3      | Reached XP level 4. HP: 32/35 MP: 4/4
  2436 | D:3      | Noticed Terence
  2451 | D:3      | Killed Terence
  2452 | D:3      | Reached skill level 5 in Axes
  2684 | D:3      | Gained mutation: You have a pair of horns on your head.
                  | [demonic ancestry]
  2684 | D:3      | Reached XP level 5. HP: 39/41 MP: 5/5
  2718 | D:3      | Found a runed translucent gate.
  2719 | D:3      | Found a runed translucent gate.
  2720 | D:3      | Found a runed translucent gate.
  2727 | D:3      | Noticed scottley's ghost (amateur TrMo)
  2778 | D:3      | Killed scottley's ghost
  2779 | D:3      | Reached skill level 6 in Axes
  2779 | D:3      | Gained mutation: You are partially covered in sharp spines.
                  | [demonic ancestry]
  2779 | D:3      | Reached XP level 6. HP: 47/47 MP: 6/6
  3184 | D:4      | Reached skill level 7 in Axes
  3265 | D:4      | Reached *** piety under Trog
  3271 | D:4      | Gained mutation: A weak demonic guardian rushes to your
                  | aid. [demonic ancestry]
  3271 | D:4      | Reached XP level 7. HP: 52/52 MP: 7/7
  3285 | D:4      | Found a staircase to the Ecumenical Temple.
  3286 | D:4      | Found Geuvvoh's Weapon Emporium.
  3420 | D:4      | Reached skill level 8 in Axes
  3492 | D:4      | Found Jihaets's Magic Scroll Boutique.
  3501 | D:4      | Bought a scroll of magic mapping for 42 gold pieces
  3930 | D:5      | Entered Level 5 of the Dungeon
  4059 | D:5      | Reached skill level 9 in Axes
  4059 | D:5      | Gained mutation: You have a pair of large horns on your
                  | head. [demonic ancestry]
  4059 | D:5      | Reached XP level 8. HP: 33/58 MP: 8/8
  4595 | D:5      | Reached skill level 10 in Axes
  4700 | D:5      | Found a shimmering altar of Xom.
  4700 | D:5      | Found a snail-covered altar of Cheibriados.
  5169 | D:6      | Reached **** piety under Trog
  5894 | D:7      | Reached XP level 9. HP: 60/63 MP: 9/9
  5919 | D:7      | Reached skill level 11 in Axes
  5930 | D:7      | Reached skill level 1 in Evocations
  6120 | D:7      | Identified the +6 arbalest "Rocanuth" {vorpal, rElec Str+2}
  6167 | D:7      | Found a radiant altar of Vehumet.
  6690 | D:8      | Reached skill level 1 in Crossbows
  7389 | D:8      | Noticed a two-headed ogre
  7406 | D:8      | Killed a two-headed ogre
  7675 | D:9      | Reached XP level 10. HP: 73/73 MP: 10/10
  7895 | D:9      | Reached skill level 5 in Fighting
  7928 | D:9      | Reached ***** piety under Trog
  8737 | D:10     | Entered Level 10 of the Dungeon
  8804 | D:10     | Noticed a two-headed ogre
  8816 | D:10     | Killed a two-headed ogre
  9066 | D:10     | Noticed Urug
  9088 | D:10     | Killed Urug
  9089 | D:10     | Reached skill level 5 in Armour
  9089 | D:10     | Reached skill level 5 in Evocations
  9324 | D:10     | Found a shadowy altar of Dithmenos.
  9335 | D:10     | Found a bloodstained altar of Trog.
  9382 | D:10     | Noticed a two-headed ogre
  9392 | D:10     | Killed a two-headed ogre
  9393 | D:10     | Reached XP level 11. HP: 66/81 MP: 11/11
  9902 | D:10     | Reached skill level 12 in Axes
  9951 | D:10     | Found a staircase to the Orcish Mines.
  9961 | Orc:1    | Entered Level 1 of the Orcish Mines
  9978 | Orc:1    | Reached skill level 5 in Crossbows
 10043 | Orc:2    | Entered Level 2 of the Orcish Mines
 10963 | Orc:1    | Noticed an orc sorcerer
 10963 | Orc:1    | Paralysed by an orc sorcerer for 6 turns
 10963 | Orc:1    | Noticed Snorg
 10974 | Orc:2    | Killed an orc sorcerer
 11189 | Orc:1    | Killed Snorg
 11362 | Orc:2    | Noticed a centaur warrior
 11401 | Orc:2    | Killed a centaur warrior
 11422 | Orc:2    | Slain by an orc warrior

Illustrated notes

Levels and vault maps discovered:
D:1:      lightli_arrival_lavapool, layout_loops_corners,
          hellmonk_ecumenical_altar_crossroads, chequers_serial_rivers_room_a
D:2:      layout_basic, kennysheep_generic_room_12
D:3:      layout_rooms, gammafunk_ghost_split, uniq_terence
D:4:      layout_rooms, temple_fountains, serial_corexii_hall,
          chequers_hall_statues_wall_a, corexii_hall_statues_i, serial_shops,
          shop, shop_fountains, grunt_ministairs_15,
          minmay_large_rounded_square, hangedman_abyss_or_decor_passed
D:5:      layout_rooms, amethyst_overflow_temple_binary, minmay_liquid_box
D:6:      layout_rooms, hangedman_abyss_or_decor_stabs
D:7:      layout_loops_ring, old_standard_altar
D:8:      layout_cave_pools, chequers_serial_rivers_small_b,
          ebering_dispersal_statue_hall, kennysheep_generic_room_5
D:9:      layout_stronghold
D:10:     layout_rooms, minitemple, hiddenorc1_lemuel, grunt_ministairs_6,
          uniq_urug
Orc:1:    layout_diamond_mine, uniq_snorg
Orc:2:    st_orc_rangers, layout_caves

Skill      XL: |  1  2  3  4  5  6  7  8  9 10 11 |
---------------+----------------------------------+-----
Axes           | 3 4 5 6 7 9 10 11 12 | 12.3
Armour         | 3 5 6 |  6.5
Dodging        | 3 |  3.5
Evocations     | 3 5 |  5.0
Crossbows      | 2 4 5 |  5.9
Fighting       | 4 6 7 |  7.5

Action                   |  1- 3 |  4- 6 |  7- 9 | 10-12 || total
-------------------------+-------+-------+-------+-------++-------
Melee: Hand axe          |    97 |    86 |   214 |   301 ||   698
       Headbutt          |    11 |    18 |    57 |    66 ||   152
 Fire: Arbalest          |       |       |       |     2 ||     2
Throw: Dart              |       |       |    11 |    10 ||    21
Invok: Berserk           |     1 |     3 |     2 |     5 ||    11
       Brothers in Arms  |       |       |       |     2 ||     2
       Trog's Hand       |       |       |       |     1 ||     1
  Use: Scroll            |     4 |       |    12 |     5 ||    21
       Potion            |       |       |     1 |       ||     1
 Stab: Sleeping          |       |       |     2 |       ||     2
       Distracted        |       |       |     1 |       ||     1
Armor: Scale mail        |    36 |    15 |       |       ||    51
       Ring mail         |       |    16 |    77 |       ||    93
       Crystal plate arm |       |       |       |   213 ||   213
Dodge: Dodged            |    66 |    41 |    97 |    66 ||   270

Table legend: (Time is in decaauts)
 A = Elapsed time spent in this place.
 B = Non-inter-level travel time spent in this place.
 C = Inter-level travel time spent in this place.
 D = Time resting spent in this place.
 E = Time spent auto-exploring this place.
 F = Levels seen in this place.
 G = Mean time per level.
                   A        B        C        D        E       F      G
               +--------+--------+--------+--------+--------+-----+--------+
         Total |  11417 |  11002 |    415 |   1053 |   7980 |  12 |  951.4 |
       Dungeon |   9965 |   9587 |    378 |    666 |   7334 |  10 |  996.5 |
  Orcish Mines |   1452 |   1415 |     37 |    387 |    646 |   2 |  726.0 |
               +--------+--------+--------+--------+--------+-----+--------+

Top non-repeatable levels by time:
     D:1: 1285 daAuts
    D:10: 1226 daAuts
     D:9: 1060 daAuts
     D:4: 1039 daAuts
   Orc:1: 1007 daAuts
     D:8: 999 daAuts
     D:5: 968 daAuts
     D:2: 961 daAuts
     D:3: 823 daAuts
     D:6: 812 daAuts
     D:7: 788 daAuts
   Orc:2: 445 daAuts
